 Dungeon Crawl Stone Soup version 0.27.0-1-g7a089689b8 (webtiles) character file.

Game seed: 1940902882652609327

307 sanka the Chopper (level 6, -1/50 HPs)
             Began as a Palentonga Abyssal Knight on Aug 16, 2021.
             Was a Priest of Lugonu.
             Killed by divine providence
             ... invoked by an orc priest
              (12 damage)
             ... on level 4 of the Dungeon.
             The game lasted 00:06:34 (3765 turns).

sanka the Chopper (Palentonga Abyssal Knight)       Turns: 3765, Time: 00:06:35

Health: -1/50      AC:  6    Str: 17    XL:     6   Next: 16%
Magic:  8/8        EV:  9    Int: 12    God:    Lugonu [***...]
Gold:   154        SH:  0    Dex: 10    Spells: 5/5 levels left

rFire    . . .     SeeInvis +   a - +0 war axe
rCold    . . .     Faith    .   (no shield)
rNeg     . . .     Spirit   .   b - +0 leather armour
rPois    .         Reflect  .   j - +0 helmet
rElec    .         Harm     .   h - +0 cloak
rCorr    .         Rampage  .   (no gloves)
Will     .....                  (no barding)
Stlth    +.........             (no amulet)
HPRegen  0.16/turn              (no ring)
MPRegen  0.11/turn              (no ring)

@: no status effects
A: large, rugged brown scales 3, see invisible, deformed body, roll 1, armoured
tail
a: Rolling Charge, Renounce Religion, Depart the Abyss, Bend Space, Banish


You were on level 4 of the Dungeon.
You worshipped Lugonu.
Lugonu was most pleased with you.
You visited 1 branch of the dungeon, and saw 4 of its levels.
You visited the Abyss 1 time.

You collected 154 gold pieces.


Innate Abilities, Weirdness & Mutations

You are completely covered in rugged brown scales. (AC +3, +7% HP)
You have supernaturally acute eyesight. (SInv)
Armour fits poorly on your strangely shaped body.
You can roll at nearby foes to attack.
You have a long armoured tail.


   Skills:
 - Level 3.0 Fighting
 + Level 6.2 Axes
 - Level 1.5 Armour
 - Level 0.7 Dodging
 + Level 3.0 Invocations


You had 5 spell levels left.
You didn't know any spells.
Your spell library contained the following spells:

 Spells                   Type           Power      Damage    Failure   Level
 Blink                    Tloc           N/A        N/A       52%         2
 Lesser Beckoning         Tloc           0%         N/A       75%         3
 Summon Lightning Spire   Summ/Air       0%         N/A       98%         4
 Freezing Cloud           Conj/Ice/Air   0%         6-21      100%        5
 Manifold Assault         Tloc           0%         N/A       100%        5
 Storm Form               Tmut/Air       0%         N/A       100%        7

Inventory:

Hand Weapons
 a - a +0 war axe (weapon)
 n - a +0 battleaxe
Missiles
 r - 2 throwing nets {=f}
Armour
 b - a +0 leather armour (worn)
 h - a +0 cloak (worn)
 j - a +0 helmet (worn)
Jewellery
 g - an amulet of magic regeneration
 m - a +6 ring of intelligence
Wands
 o - a wand of iceblast (4)
Scrolls
 c - 2 scrolls of noise {unknown}
 e - a scroll of brand weapon {unknown}
 f - 6 scrolls of identify {unknown}
 k - a scroll of teleportation {unknown}
 p - a scroll of fog {unknown}
 q - a scroll of fear {unknown}
Potions
 d - 2 potions of berserk rage {unknown}
 i - a potion of might {unknown}
 l - a potion of magic {unknown}

Dungeon Overview and Level Annotations

Branches:
Dungeon (4/15)
 Temple: D:4-7

Altars:
Ru
Wu Jian

♣..... ▒♣≈..#. ▒▒ ▒▒
▒P..†.. ▒o .
...▒PP.... ▒o .▒
▒.▒▒♣P.... ▒o ▒▒▒.
▒▒.▒ ♣▒PP)P ▒. ▒...
..▒▒▒▒▒▒.▒ ▒o
▒.▒.▒▒▒▒▒.▒....... ▒.
▒H▒....▒▒.▒.....▒.
▒.▒▒o▒.............▒.
▒..oo..............▒.
▒▒▒▒.▒.............▒.
▒.▒....▒..▒▒▒▒▒▒▒.
▒.▒....▒..▒ ▒.
▒.▒....)..▒ ▒.
▒.▒▒▒▒▒...▒ ▒.
▒.........▒▒▒▒▒▒▒.


You could see an orc priest, an orc wizard (invisible) and an orc.


Message History

The orc wizard is severely wounded.
The orc wizard gestures at you while chanting.
You resist with some effort.
Unknown command.
You bump into the rock wall.
You feel less confused. The orc wizard closely misses you.
Unknown command.
You hit the orc wizard.
The orc wizard is almost dead.
The orc wizard hits you with a +0 dagger.
* * * LOW HITPOINT WARNING * * *
Unknown command.
You hit the orc wizard.
You kill the orc wizard!
Lugonu accepts your kill.
The orc wizard gestures at you while chanting.
You resist with some effort.
Your Invocations skill increases to level 3!
a - a +0 war axe (weapon)
You closely miss the orc wizard.
The orc priest invokes the aid of Beogh against you.
The orc wizard writhes in agony.
You hit the orc wizard but do no damage.
Your tail-slap misses the orc wizard.
The orc wizard is moderately wounded.
The orc wizard hits you but does no damage.
The orc priest invokes the aid of Beogh against you.
Beogh smites you!
You die...

Action                   |  1- 3 |  4- 6 || total
-------------------------+-------+-------++-------
Melee: Hand axe          |    88 |    60 ||   148
       Tailslap          |     7 |    12 ||    19
       War axe           |       |    69 ||    69
       Battleaxe         |       |    58 ||    58
Invok: Depart the Abyss  |     1 |       ||     1
Armor: Leather armour    |    37 |    59 ||    96
Dodge: Dodged            |    53 |    88 ||   141

Levels and vault maps discovered:
D:1:      lemuel_arrival_room, layout_loops_ring,
          hellmonk_ecumenical_altar_watching_god
D:2:      layout_basic
D:3:      layout_basic, mainiacjoe_overflow_brackets, grunt_decor_mini_mirrors,
          uniq_robin
D:4:      layout_basic, lemuel_doored_altar, mainiacjoe_overflow_swirl,
          lexackson_kobold_supper

Notes
Turn   | Place    | Note
-------+----------+-------------------------------------------
     0 | Abyss:1  | sanka the Palentonga Abyssal Knight began the quest for the
                  | Orb.
     0 | Abyss:1  | Reached XP level 1. HP: 19/19 MP: 2/2
    75 | Abyss:1  | Noticed a small abomination
    89 | D:1      | Escaped the Abyss
   344 | D:1      | Reached XP level 2. HP: 24/25 MP: 3/3
   424 | D:1      | Reached skill level 3 in Axes
   429 | D:1      | Found a faded altar of an unknown god.
   430 | D:1      | Noticed an eye of devastation
   446 | D:1      | Reached * piety under Lugonu
   722 | D:1      | Noticed a floating eye
   727 | D:1      | Noticed a floating eye
   741 | D:1      | Noticed a shining eye
   896 | D:1      | Reached XP level 3. HP: 28/31 MP: 4/4
  1043 | D:1      | Got the Papyrus of Feathers
  1191 | D:2      | Reached skill level 4 in Axes
  1440 | D:2      | Reached XP level 4. HP: 37/37 MP: 5/5
  1637 | D:2      | Reached ** piety under Lugonu
  1729 | D:2      | Reached skill level 5 in Axes
  2301 | D:3      | Reached XP level 5. HP: 43/43 MP: 6/6
  2415 | D:3      | Found an ornate altar of the Wu Jian Council.
  2802 | D:3      | Noticed Robin
  2806 | D:3      | Killed Robin
  3423 | D:4      | Found a sacrificial altar of Ru.
  3497 | D:4      | Reached skill level 6 in Axes
  3497 | D:4      | Reached XP level 6. HP: 22/50 MP: 6/8
  3517 | D:4      | Reached *** piety under Lugonu
  3763 | D:4      | Reached skill level 3 in Invocations
  3765 | D:4      | Killed from afar by an orc priest

Vanquished Creatures
  A kobold brigand (D:4)
  A howler monkey (D:2)
  An orc wizard (D:4)
  A hound skeleton (D:4)
  Robin (D:3)
  3 gnolls (D:2)
  An adder (D:3)
  An adder skeleton (D:3)
  2 worms
  2 dart slugs
  6 orcs
  9 ball pythons
  7 endoplasms
  6 giant cockroaches
  14 goblins
  6 hobgoblins
  7 jackals
  A quokka (D:2)
  4 bats
  7 frilled lizards
  7 kobolds
  8 rats
96 creatures vanquished.

Vanquished Creatures (others)
  An endoplasm (D:4)
  8 plants (D:4)
9 creatures vanquished.

Grand Total: 105 creatures vanquished
